 Dungeon Sprint DCSS version 0.29-a0-717-g6dac4ea423 (webtiles) character file.

Game seed: 12224208067435930715

1219 mhtbhm the Unseen (level 8, -1/37 HPs)
             Began as a Spriggan Enchanter on June 27, 2022.
             Was a Believer of Dithmenos.
             Slain by Erica
             ... wielding a +1 scimitar of flaming
              (8 damage)
             ... in the Dungeon (Sprint III: "The Ten Rune Challenge").
             The game lasted 00:02:24 (515 turns).

mhtbhm the Unseen (Spriggan Enchanter)               Turns: 515, Time: 00:02:25

Health: -1/37      AC:  7    Str:  4    XL:     8   Next: 23%
Magic:  16/20      EV: 21    Int: 17    God:    Dithmenos [**....]
Gold:   36         SH:  0    Dex: 17    Spells: 7/22 levels left

rFire   . . .      SeeInvis +   a - +1 dagger
rCold   . . .      Faith    .   (no shield)
rNeg    . . .      Spirit   .   b - +0 robe
rPois   +          Reflect  .   (helmet restricted)
rElec   .          Harm     .   h - +0 cloak
rCorr   .          Rampage  .   (gloves unavailable)
Will    +....      NoTele   +   (boots unavailable)
Stlth   +++++++++.              (no amulet)
HPRegen 0.12/turn               (no ring)
MPRegen 0.17/turn               (no ring)

@: wreathed by umbra, very quick
A: very small, no large weapons, unfitting armour, see invisible, speed 3,
iridescent scales 2, poison resistance
a: Renounce Religion, Shadow Step


You were in the Dungeon.
You worshipped Dithmenos.
Dithmenos was pleased with you.
You visited 1 branch You collected 36 gold pieces.

Inventory:

Hand Weapons
 a - a +1 dagger (weapon)
Armour
 b - a +0 robe (worn)
 h - a +0 cloak (worn)
Wands
 p - a wand of light (8)
Scrolls
 i - a scroll of blinking
 j - 2 scrolls of poison {unknown}
 k - a scroll of torment {unknown}
 l - a scroll of immolation {unknown}
 n - 2 scrolls of identify
Potions
 c - 2 potions of invisibility
 d - 3 potions of curing
 e - 2 potions of heal wounds
 f - 2 potions of haste
 g - 2 potions of magic
 m - 2 potions of flight
 o - 4 potions of mutation
 q - a potion of berserk rage
 r - a potion of might
Miscellaneous
 s - a lightning rod (4/4)


   Skills:
 + Level 1.1 Fighting
 + Level 6.2 Short Blades
 + Level 6.6 Dodging
 + Level 16.8 Stealth
 + Level 7.8 Spellcasting
 + Level 10.6 Hexes
 + Level 2.7 Ice Magic
 * Level 6.3 Invocations


You had 7 spell levels left.
You knew the following spells:

 Your Spells              Type           Power      Damage    Failure   Level
a - Ensorcelled Hibernat  Hex/Ice        58%        N/A       1%          2
b - Confusing Touch       Hex            42%        N/A       1%          3
c - Tukima's Dance        Hex            42%        N/A       1%          3
d - Dazzling Flash        Conj/Hex       48%        N/A       3%          3
e - Fulminant Prism       Conj/Hex       12%        3d9       12%         4

Your spell library contained the following spells:

 Spells                   Type           Power      Damage    Failure   Level
 Sandblast                Erth           12%        2d6       11%         1
 Passwall                 Tmut/Erth      5%         N/A       16%         2
 Stone Arrow              Conj/Erth      12%        3d7       32%         3
 Iskenderun's Mystic Bla  Conj/Tloc      6%         2d4       71%         4
 Lee's Rapid Deconstruct  Erth           3%         3d6*      96%         5


Dungeon Overview and Level Annotations

Branches:
Dungeon (1/1)

Altars:
Cheibriados
Dithmenos
Elyvilon
Fedhas
Gozag
Hepliaklqana
Kikubaaqudgha
Makhleb
Nemelex Xobeh
Okawaru
Qazlal
Ru
Sif Muna
Trog
Uskayaw
Vehumet
Wu Jian
Xom
Yredelemnul
Zin
The Shining One
Beogh
Jiyva
Lugonu

Annotations:
D Erica


Innate Abilities, Weirdness & Mutations

You are very small and have problems with some larger weapons.
You are too small for most types of armour.
You have supernaturally acute eyesight. (SInv)
You cover ground extremely quickly. (Speed+++)
You are mostly covered in iridescent scales. (AC +4)
Your system is resistant to poisons. (rPois)


Message History

Erica the Fiery-Tempered comes into view.
She is wielding a +1 scimitar of flaming.
Casting: Ensorcelled Hibernation (safe; 1% risk of failure)
Confirm with . or Enter, or press ? or * to list all spells.
Aiming: Ensorcelled Hibernation (safe; 1% risk of failure)
Press: ? - help, Shift-Dir - straight line, f - Erica
Aim: Erica, wielding a +1 scimitar of flaming and wearing a +0 robe (umbra, chance to affect: 25%) Erica resists with almost no effort.
Casting: Ensorcelled Hibernation (safe; 1% risk of failure)
Confirm with . or Enter, or press ? or * to list all spells.
Okay, then.
Casting: Ensorcelled Hibernation (safe; 1% risk of failure)
Confirm with . or Enter, or press ? or * to list all spells.
Casting: Dazzling Flash (dangerous; 3% risk of failure)
Press: ? - help, Dir - look around, f - activate Erica is dazzled.
Unknown command.
Unknown command.
Unknown command.
You hit Erica.
Erica is lightly wounded.
Erica completely misses you.
You catch the helpless Erica completely off-guard!
You skewer Erica like a kebab!!!
Erica is heavily wounded.
You enter the shallow water.
Moving in this stuff is going to be slow.
You hit Erica.
Erica is severely wounded.
Erica casts a spell at you. The lance of force hits you!
You are knocked back by the lance of force.
You slam into the stone wall!
* * * LOW HITPOINT WARNING * * *
Unknown command.
You hit Erica.
Erica is severely wounded.
Erica is no longer blind.
Erica laughs wildly.
Erica hits you with a +1 scimitar of flaming!
You die...

.###'#'###'##
.#..........#
.'.⌠........#
.#...######'#
.#.⌠.#__#...#+#####
.#...#__#...#§§§§≈+
.#'###__#...#§#≈≈§#
.#.))#__#...'.#§§§#
.#___#__'...#.#§@@#
▓▓▓▓▓▓▓▓▓▓▓▓▓▓▓▓▓▓▓


You could see Erica.

Vanquished Creatures
  A deep elf pyromancer (D)
  A shadow (D)
  A spatial vortex (D)
  A necrophage (D)
  A water elemental (D)
  A jelly (D)
  Crazy Yiuf (D)
  A wizard (D)
  A necromancer (D)
  3 humans (D)
  A kobold demonologist (D)
  An endoplasm (D)
  3 rats (D)
17 creatures vanquished.

Vanquished Creatures (others)
  A plant (D)
1 creature vanquished.

Grand Total: 18 creatures vanquished

Notes
Turn   | Place    | Note
-------+----------+-------------------------------------------
     0 | D        | mhtbhm the Spriggan Enchanter began the quest for the Orb.
     0 | D        | Reached XP level 1. HP: 9/9 MP: 5/5
    12 | D        | Reached skill level 5 in Stealth
    64 | D        | Reached skill level 6 in Stealth
    64 | D        | Reached skill level 5 in Hexes
    64 | D        | Reached XP level 2. HP: 10/13 MP: 5/7
   108 | D        | Learned a level 2 spell: Ensorcelled Hibernation
   194 | D        | Noticed Crazy Yiuf
   197 | D        | Killed Crazy Yiuf
   198 | D        | Reached skill level 8 in Stealth
   198 | D        | Reached XP level 3. HP: 16/16 MP: 5/9
   227 | D        | Gained mutation: Your system is resistant to poisons.
                  | (rPois) [potion of mutation]
   227 | D        | Gained mutation: You are partially covered in iridescent
                  | scales. (AC +2) [potion of mutation]
   227 | D        | Gained mutation: You are mostly covered in iridescent
                  | scales. (AC +4) [potion of mutation]
   241 | D        | Noticed a water elemental
   244 | D        | Killed a water elemental
   245 | D        | Reached skill level 9 in Stealth
   245 | D        | Reached XP level 4. HP: 21/21 MP: 9/11
   266 | D        | Found a shadowy altar of Dithmenos.
   266 | D        | Noticed a necrophage
   267 | D        | Found a basalt altar of Yredelemnul.
   267 | D        | Found a sacrificial altar of Ru.
   269 | D        | Reached skill level 10 in Stealth
   269 | D        | Reached skill level 5 in Spellcasting
   269 | D        | Killed a necrophage
   270 | D        | Reached skill level 5 in Dodging
   270 | D        | Reached skill level 11 in Stealth
   270 | D        | Reached XP level 5. HP: 24/24 MP: 12/14
   273 | D        | Became a worshipper of Dithmenos the Shadowed
   291 | D        | Found a radiant altar of Vehumet.
   292 | D        | Found a shimmering blue altar of Sif Muna.
   292 | D        | Found an ancient bone altar of Kikubaaqudgha.
   294 | D        | Reached skill level 1 in Invocations
   308 | D        | Learned a level 3 spell: Confusing Touch
   312 | D        | Learned a level 3 spell: Tukima's Dance
   316 | D        | Learned a level 3 spell: Dazzling Flash
   321 | D        | Learned a level 4 spell: Fulminant Prism
   325 | D        | Found a glowing silver altar of Zin.
   326 | D        | Found a glowing golden altar of the Shining One.
   326 | D        | Found a white marble altar of Elyvilon.
   326 | D        | Noticed a deep elf pyromancer
   333 | D        | Killed a deep elf pyromancer
   333 | D        | Reached * piety under Dithmenos
   334 | D        | Reached skill level 5 in Short Blades
   334 | D        | Reached skill level 14 in Stealth
   334 | D        | Reached skill level 10 in Hexes
   334 | D        | Reached XP level 6. HP: 23/29 MP: 5/17
   334 | D        | Reached XP level 7. HP: 26/32 MP: 5/18
   416 | D        | Found a hide-covered altar of Uskayaw.
   416 | D        | Found an iron altar of Okawaru.
   417 | D        | Found a bloodstained altar of Trog.
   417 | D        | Found an ornate altar of the Wu Jian Council.
   417 | D        | Noticed a human
   417 | D        | Noticed a human
   419 | D        | Killed a human
   420 | D        | Reached skill level 15 in Stealth
   420 | D        | Reached skill level 5 in Invocations
   420 | D        | Killed a human
   437 | D        | Noticed a shadow
   439 | D        | Killed a shadow
   439 | D        | Reached ** piety under Dithmenos
   440 | D        | Reached skill level 16 in Stealth
   440 | D        | Reached XP level 8. HP: 37/37 MP: 20/20
   483 | D        | Found a blossoming altar of Fedhas.
   483 | D        | Found a stormy altar of Qazlal.
   484 | D        | Found a snail-covered altar of Cheibriados.
   484 | D        | Found a burning altar of Makhleb.
   484 | D        | Found a hazy altar of Hepliaklqana.
   484 | D        | Found a shimmering altar of Xom.
   484 | D        | Found an opulent altar of Gozag.
   484 | D        | Found a sparkling altar of Nemelex Xobeh.
   484 | D        | Found a corrupted altar of Lugonu.
   484 | D        | Found a viscous altar of Jiyva.
   489 | D        | Reached skill level 1 in Fighting
   505 | D        | Noticed Erica
   515 | D        | Slain by Erica

Illustrated notes

Levels and vault maps discovered:
D:        dungeon_sprint_mu [sprint_mu_entry_cave, sprint_mu_temple_rooms,
          sprint_mu_d1_horrors, sprint_mu_d2_genie, sprint_mu_d3_branching,
          sprint_mu_orc_legion, sprint_mu_elf_gauntlet, sprint_mu_hive_nellie,
          sprint_mu_lair_fedhas, sprint_mu_vaults_butterflies,
          sprint_mu_slime_circle, sprint_mu_swamp_cave, sprint_mu_shoals_archi,
          sprint_mu_blade_basic, sprint_mu_crypt_fortress,
          sprint_mu_tomb_spiral, sprint_mu_vestibule_basic,
          sprint_mu_gehenna_hellfire, sprint_mu_dis_giant,
          sprint_mu_tartarus_statrot, sprint_mu_cocytus_islands, sprint_mu_zot1]

Skill      XL: |  1  2  3  4  5  6  7  8 |
---------------+-------------------------+-----
Stealth        | 6 8 9 11 14 16 | 16.8
Hexes          | 5 6 7 8 10 | 10.6
Spellcasting   | 3 4 5 7 |  7.8
Dodging        | 3 4 5 6 |  6.6
Short Blades   | 2 3 5 6 |  6.2
Invocations    | 4 6 |  6.3
Ice Magic      | 2 |  2.7
Fighting       | 1 |  1.1

Action                   |  1- 3 |  4- 6 |  7- 9 || total
-------------------------+-------+-------+-------++-------
Melee: Dagger            |    14 |     6 |    10 ||    30
 Cast: Ensorcelled Hiber |     1 |     2 |     3 ||     6
       Dazzling Flash    |       |       |     1 ||     1
  Use: Potion            |     2 |       |       ||     2
 Stab: Sleeping          |     4 |     5 |     5 ||    14
       Invisible         |       |       |     1 ||     1
Dodge: Dodged            |     5 |     3 |     2 ||    10

Table legend: (Time is in decaauts)
 A = Elapsed time spent in this place.
 B = Non-inter-level travel time spent in this place.
 C = Inter-level travel time spent in this place.
 D = Time resting spent in this place.
 E = Time spent auto-exploring this place.
 F = Levels seen in this place.
 G = Mean time per level.
                   A        B        C        D        E       F      G
               +--------+--------+--------+--------+--------+-----+--------+
         Total |    447 |    447 |      0 |    251 |      3 |   1 |  447.0 |
       Dungeon |    447 |    447 |      0 |    251 |      3 |   1 |  447.0 |
               +--------+--------+--------+--------+--------+-----+--------+

Top non-repeatable levels by time:
       D: 447 daAuts
